 Seeded DCSS version 0.29-a0-1019-g84f7d21 (webtiles) character file.

Game seed: 6977411153361829619 (custom seed)

155638 PurpleRed the Bludgeoner (level 17, -7/176 HPs)
             Began as a Troll Summoner on Aug 9, 2022.
             Was the Champion of Okawaru.
             Killed from afar by Nikola (35 damage)
             ... with an arc of chain lightning
             ... on level 2 of the Elven Halls on Aug 10, 2022.
             The game lasted 02:26:02 (27246 turns).

PurpleRed the Bludgeoner (Troll Summoner)          Turns: 27246, Time: 02:26:03

Health: -7/176     AC: 11    Str: 29    XL:     17   Next: 9%
Magic:  0/23       EV: 11    Int: 11    God:    Okawaru [******]
Gold:   2854       SH: 16    Dex: 12    Spells: 12/18 levels left

rFire   + . .      SeeInvis .   Q - +10 morningstar "Eos" {elec, Halo rElec}
rCold   + . .      Faith    .   P - +0 tower shield "Wyixof" {Str+3 Dex+2}
rNeg    . . .      Spirit   +   L - +2 robe {rC+}
rPois   .          Reflect  .   T - +2 hat of the Bear Spirit {Spirit, *Rage Will++}
rElec   +          Harm     .   h - +2 cloak {rCorr}
rCorr   +          Rampage  .   (gloves unavailable)
Will    +++..      Rage     20% (boots unavailable)
Stlth   +.........              X - amulet of regeneration
HPRegen 1.99/turn               s - +4 ring of evasion
MPRegen 0.18/turn               o - ring "Noikluig" {Wiz rF+}

@: glowing, studying Short Blades
A: large, unfitting armour, claws 3, regeneration 1, shaggy fur 1, tough skin 1
a: Renounce Religion, Heroism, Finesse, Duel


You were on level 2 of the Elven Halls.
You worshipped Okawaru.
Okawaru was exalted by your worship.
You visited 5 branches of the dungeon, and saw 25 of its levels.
You also visited: Sewer, Gauntlet and Ice Cave.

You collected 3972 gold pieces.
You spent 1118 gold pieces at shops.

Inventory:

Hand Weapons
 e - the +6 longbow "Zeyn" {freeze, rF+ Will+ Str-3 Dex+3}
   (You found it on level 3 of the Lair of Beasts)

   Any ammunition fired from it freezes those it strikes, dealing additional
   cold damage.
   It can also slow down cold-blooded creatures.
   Str:       It affects your strength (-3).
   Dex:       It affects your dexterity (+3).
   rF:        It protects you from fire.
   Will:      It increases your willpower.
 u - a +4 antimagic war axe
 C - the +4 great mace "Roneribama" {drain, Dex+6}
   (Okawaru gifted it to you on level 2 of the Lair of Beasts)

   A truly terrible weapon, it drains the life of any living foe it strikes.
   Dex:       It affects your dexterity (+6).
 N - a +0 eveningstar of venom
 Q - the +10 morningstar "Eos" (weapon) {elec, Halo rElec}
   (You found it in a Gauntlet)

   It occasionally discharges a powerful burst of electricity upon striking a
   foe.
   It grants its wielder a halo, revealing invisible creatures and increasing
   accuracy against all within it other than the wielder.
   rElec:     It insulates you from electricity.
Missiles
 A - 13 curare-tipped darts (quivered)
 O - 8 silver javelins
Armour
 h - a +2 cloak of preservation (worn)
 w - a +2 robe of willpower
 E - a +1 robe of the Archmagi
 L - a +2 robe of cold resistance (worn)
 P - the +0 tower shield "Wyixof" (worn) {Str+3 Dex+2}
   (Okawaru gifted it to you in an ice cave)

   Str:       It affects your strength (+3).
   Dex:       It affects your dexterity (+2).
 T - the +2 hat of the Bear Spirit (worn) {Spirit, *Rage Will++}
   (You bought it in a shop on level 2 of the Orcish Mines)

   Going berserk makes the wearer tougher, and they're slowed less afterward.
   *Rage:     It berserks you when you make melee attacks (+20% chance).
   Will:      It greatly increases your willpower.
Jewellery
 o - the ring "Noikluig" (right claw) {Wiz rF+}
   (You found it in a Gauntlet)

   [ring of wizardry]

   It improves your spell success rate.
   rF:        It protects you from fire.
 s - a +4 ring of evasion (left claw)
 v - the ring of Tulips {*Slow rN+ Will+ rCorr}
   (You took it off a minotaur in a Gauntlet)

   [ring of positive energy]

   rN:        It protects you from negative energy.
   rCorr:     It protects you from acid and corrosion.
   *Slow:     It may slow you when you take damage.
   Will:      It increases your willpower.
 G - the ring "Forget-Me-Not" {Drain Str+6 Int+6 SInv Stlth+}
   (You found it on level 15 of the Dungeon)

   [ring of strength]

   Str:       It affects your strength (+6).
   Int:       It affects your intelligence (+6).
   SInv:      It lets you see invisible.
   Drain:     It drains your maximum health when unequipped.
   Stlth:     It makes you more stealthy.
 V - a ring of protection from cold
 X - an amulet of regeneration (around neck)
Wands
 i - a wand of digging (11)
 n - a wand of flame (68)
 p - a wand of paralysis (35)
 y - a wand of roots (27)
 K - a wand of mindburst (33)
 U - a wand of acid (13)
Scrolls
 j - 3 scrolls of amnesia
 m - 2 scrolls of magic mapping
 t - 3 scrolls of blinking
 z - 6 scrolls of teleportation
 D - 6 scrolls of poison
 F - 2 scrolls of immolation
 I - 3 scrolls of fog
 J - 2 scrolls of fear
 R - a scroll of enchant armour
 S - 6 scrolls of enchant weapon
 W - a scroll of silence
Potions
 a - 11 potions of curing
 b - a potion of magic
 c - 3 potions of mutation
 d - 8 potions of flight
 f - a potion of ambrosia
 g - 3 potions of brilliance
 k - 2 potions of heal wounds
 l - 2 potions of berserk rage
 r - 3 potions of invisibility
 x - 2 potions of attraction
 B - 5 potions of cancellation
 H - a potion of resistance
 M - 5 potions of haste
 Y - 2 potions of lignification
 Z - 3 potions of might


   Skills:
 + Level 13.0 Fighting
 + Level 18.5 Maces & Flails
 - Level 10.0 Throwing
 + Level 2.9 Armour
 - Level 1.5 Dodging
 - Level 1.0 Stealth
 + Level 10.3 Shields
 - Level 1.2 Spellcasting
 - Level 2.9 Summonings
 - Level 10.0 Invocations


You had 12 spell levels left.
You knew the following spells:

 Your Spells              Type           Power      Damage    Failure   Level
a - Summon Small Mammal   Summ           28%        N/A       16%         1
b - Call Canine Familiar  Summ           7%         N/A       38%         3
c - Call Imp              Summ           7%         N/A       22%         2

Your spell library contained the following spells:

 Spells                   Type           Power      Damage    Failure   Level
 Apportation              Tloc           0%         N/A       43%         1
 Necrotise                Necr           0%         1d4       43%         1
 Poisonous Vapours        Pois/Air       0%         N/A       56%         2
 Sublimation of Blood     Necr           0%         N/A       56%         2
 Wereblood                Tmut           0%         N/A       56%         2
 Gell's Gravitas          Tloc           0%         N/A       80%         3
 Lesser Beckoning         Tloc           0%         N/A       80%         3
 Teleport Other           Tloc           0%         N/A       80%         3
 Airstrike                Air            0%         2d(0-16)  99%         4
 Corpse Rot               Necr/Pois/Air  0%         N/A       99%         4
 Hailstorm                Conj/Ice       0%         3d3       99%         4
 Ice Form                 Ice/Tmut       0%         N/A       99%         4
 Passage of Golubria      Tloc           0%         N/A       99%         4
 Blade Hands              Tmut           0%         N/A       100%        5
 Freezing Cloud           Conj/Ice/Air   0%         6-21      100%        5
 Lightning Bolt           Conj/Air       0%         1d11      100%        5
 Silence                  Hex/Air        0%         N/A       100%        5
 Dispersal                Tloc           0%         N/A       100%        6
 Iron Shot                Conj/Erth      0%         9d1       100%        6
 Lehudib's Crystal Spear  Conj/Erth      0%         10d2      100%        8
 Summon Guardian Golem    Hex/Summ       Unusable   N/A       N/A         3
 Animate Armour           Summ/Erth      Unusable   N/A       N/A         4
 Summon Lightning Spire   Summ/Air       Unusable   N/A       N/A         4
 Summon Forest            Summ/Tloc      Unusable   N/A       N/A         5
 Summon Mana Viper        Hex/Summ       Unusable   N/A       N/A         5
 Simulacrum               Ice/Necr       Unusable   N/A       N/A         6
 Summon Cactus Giant      Summ           Unusable   N/A       N/A         6
 Summon Hydra             Summ           Unusable   N/A       N/A         7

Dungeon Overview and Level Annotations

Branches:
Dungeon (15/15)            Temple (1/1) D:4            Lair (5/5) D:9
 Shoals (0/4) Lair:3        Snake (0/4) Lair:2        Slime (0/5) Lair:5
    Orc (2/2) D:10            Elf (2/3) Orc:2        Vaults (0/5) D:14
 Depths (0/4) D:15          Sewer (visited)           IceCv (visited)
Gauntlet (visited)

Altars:
Ashenzari
Cheibriados
Dithmenos
Elyvilon
Fedhas
Gozag
Hepliaklqana
Kikubaaqudgha
Makhleb
Nemelex Xobeh
Okawaru
Qazlal
Ru
Sif Muna
Trog
Uskayaw
Vehumet
Wu Jian
Xom
Yredelemnul
Zin
The Shining One
Jiyva

Shops:
D:2 [   Orc:2 =([!   Elf:2 (

Portals:
Hell: Lair:5

Annotations:
D:9 3 runed translucent doors, Illumine's ghost, novice TrSu
Lair:2 Erica
Lair:4 3 runed translucent doors, GeorgeSoros's ghost, journeyman NaGl
Elf:2 Nikola


Innate Abilities, Weirdness & Mutations

You are too large for most types of armour.
You have claws for hands.
Your natural rate of healing is unusually fast.
You are covered in fur. (AC +1)
You have tough skin. (AC +1)


Message History

Nikola is severely wounded.
A +0 vorpal long sword comes into view.
Nikola drinks a potion.
Nikola is healed!
Throw: large rock
Press: ? - help, Q - select action, (/) - cycle Shift-Dir - straight line, f/p - Nikola
Aim: Nikola, wielding a +2 rapier of electrocution, wearing a +0 cloak and wearing a +0 pair of gloves (severely wounded, haloed, 86% to hit)
You throw a large rock. The large rock hits Nikola!
Nikola is severely wounded.
Nikola gestures wildly while chanting.
Lightning arcs from Nikola's hands!
The bolt of lightning hits you!! You resist.
* * * LOW HITPOINT WARNING * * *
A bolt of lightning appears from out of thin air!
The bolt of lightning hits Nikola!
Nikola points at you and mumbles some strange words.
The bolt of lightning hits you. You resist.
* * * LOW HITPOINT WARNING * * *
Okay, then.
You feel much better.
Nikola points at you and mumbles some strange words.
The bolt of lightning misses you. The +0 vorpal long sword hits you!
* * * LOW HITPOINT WARNING * * *
x2 You closely miss the +0 vorpal long sword.
You block the +0 vorpal long sword's attack.
You bludgeon the +0 vorpal long sword!!
The +0 vorpal long sword is almost destroyed.
The +0 vorpal long sword closely misses you.
Nikola gestures at you while chanting. The bolt of lightning hits you!
You resist.
* * * LOW HITPOINT WARNING * * *
A +3 quick blade of distortion comes into view.
The +0 vorpal long sword hits you!
* * * LOW HITPOINT WARNING * * *
x2 You closely miss the +0 vorpal long sword.
The +0 vorpal long sword is almost destroyed.
You block the +0 vorpal long sword's attack.
Nikola mumbles some strange words.
Lightning arcs from Nikola's hands!
The bolt of lightning hits you!!! You resist.
You die...

..................## #.....(....
.........((...(((.# #..........
..................#####..........
...............(..(#.#...).......
..........(.(...()..)............
.............)..(................
..........#...(.@.(...........#..
.........###.................###.
........## ##..(@...........## #
.........###.................###.
..........#..................)#..
...)......).)...........).....)..
..##...##...##.....###.....##...#
.# ##.####.####.#.''#''.#.####.##
# ### ### #####..)##### ###
######'''###### #..)..........#


You could see Nikola and 2 dancing weapons.

Vanquished Creatures
  A deep elf blademaster (Elf:2)
  2 frost giants (IceCv)
  2 deep elf sorcerers
  An orc warlord (D:10)
  A quicksilver ooze (Gauntlet)
  The ghost of Jiecrehi the Severer, a journeyman DDFi of Makhleb (D:15)
  A deep elf annihilator (Elf:2)
  Azrael (Elf:2)
  A white draconian (IceCv)
  A minotaur (Gauntlet)
  Josephine (D:10)
  A deep elf death mage (Elf:2)
  8 vault guards (D:14)
  A hell beast (Lair:5)
  An ice dragon (IceCv)
  8 boulder beetles
  5 hydras
  2 ironbound frosthearts (IceCv)
  A catoblepas (Lair:5)
  2 centaur warriors (D:14)
  4 two-headed ogres
  7 death yaks (Lair:4)
  20 dancing weapons
  8 orc high priests
  Nergalle (D:11)
  17 deep elf knights
  3 skeletal warriors (D:13)
  3 deep elf archers (Elf:1)
  3 wizards
  An orange crystal statue (IceCv)
  22 deep elf pyromancers
  27 deep elf zephyrmancers
  2 orc knights
  An orc sorcerer (Orc:1)
  10 ugly things
  4 cyclopes
  2 necromancers
  4 manticores
  Joseph (D:7)
  A guardian serpent (shapeshifter) (Elf:2)
  8 elephants
  9 black mambas
  3 naga magi (D:15)
  An eye of devastation (Lair:5)
  An orange demon (Lair:5)
  16 rime drakes
  2 unseen horrors
  2 kobold demonologists
  A centaur skeleton (D:15)
  5 komodo dragons
  12 cane toads
  A redback zombie (D:15)
  2 red devils (Lair:5)
  A hellwing (Lair:5)
  2 ice devils (Lair:5)
  5 trolls
  26 polar bears
  15 blink frogs
  2 raiju (Gauntlet)
  A meliai zombie (D:15)
  14 slime creatures
  7 dream sheep (Lair:4)
  2 air elementals (Elf:2)
  2 shadows
  2 vampires (D:12)
  Sigmund (D:2)
  8 wraiths
  3 water elementals
  52 yaks
  A centaur simulacrum (D:15)
  4 fire elementals (Elf:2)
  2 wyverns
  A basilisk (shapeshifter) (D:15)
  A human (shapeshifter) (Elf:1)
  2 fire bats (Lair:1)
  A golden eye (shapeshifter) (Elf:1)
  A steam dragon (D:7)
  4 humans (Lair:4)
  10 vampire mosquitoes
  2 acid dragons
  Edmund (D:4)
  8 wargs
  21 water moccasins
  A floating eye (Lair:5)
  7 hell hounds
  19 orc warriors
  3 ice beasts
  2 sky beasts (D:6)
  A black bear (D:5)
  8 ogres
  5 centaurs
  3 wolves (D:9)
  A phantom (D:5)
  9 kobold brigands
  13 bullfrogs
  6 scorpions
  A gnoll sergeant (D:10)
  33 wights
  7 killer bees
  A nameless horror (Sewer)
  6 electric eels
  3 howler monkeys
  32 orc priests
  8 hounds
  5 jellies
  5 iguanas
  22 orc wizards
  4 yak simulacra (Lair:5)
  3 wolf simulacra (Lair:5)
  3 gnolls (D:10)
  12 adders
  8 river rats (Sewer)
  6 white imps
  5 ufetubi
  8 worms
  84 orcs
  7 endoplasms
  8 giant cockroaches
  12 goblins
  13 hobgoblins
  9 jackals
  10 quokkas
  10 ball pythons
  14 bats
  3 frilled lizards
  31 kobolds
  7 rats
  4 river rat simulacra (Lair:5)
  A bush (D:9)
  A fire vortex (Lair:1)
912 creatures vanquished.

Vanquished Creatures (collateral kills)
  A troll (D:9)
  A hound (D:5)
  A bat (D:2)
  An endoplasm (Sewer)
  A frilled lizard (Sewer)
5 creatures vanquished.

Vanquished Creatures (others)
  A dancing weapon (Elf:2)
  A deep elf pyromancer (Elf:1)
  An orc wizard (D:9)
  23 fungi
  48 plants
74 creatures vanquished.

Grand Total: 991 creatures vanquished

Notes
Turn   | Place    | Note
-------+----------+-------------------------------------------
     0 | D:1      | PurpleRed the Troll Summoner began the quest for the Orb.
     0 | D:1      | Reached XP level 1. HP: 16/16 MP: 1/1
   133 | D:1      | Reached skill level 1 in Maces & Flails
   136 | D:1      | Reached XP level 2. HP: 26/26 MP: 2/2
   191 | D:1      | Found a faded altar of an unknown god.
   675 | D:2      | Noticed Sigmund
   797 | D:2      | Reached skill level 1 in Fighting
   843 | D:2      | Reached skill level 2 in Maces & Flails
   843 | D:2      | Reached XP level 3. HP: 31/33 MP: 3/3
   981 | D:3      | Learned a level 3 spell: Call Canine Familiar
  1091 | D:3      | Found a glowing drain.
  1110 | Sewer    | Entered a sewer
  1126 | Sewer    | Reached XP level 4. HP: 20/41 MP: 4/4
  1254 | Sewer    | Reached skill level 3 in Maces & Flails
  1412 | Sewer    | Reached XP level 5. HP: 49/49 MP: 5/5
  1545 | Sewer    | Noticed a nameless horror
  1566 | Sewer    | Killed a nameless horror
  1910 | Sewer    | Reached skill level 4 in Maces & Flails
  1968 | D:3      | Identified the amulet of Fixation {Faith Fly}
  2144 | D:3      | Learned a level 2 spell: Call Imp
  2250 | D:3      | Found a shimmering altar of Xom.
  2438 | D:3      | Found an ornate altar of the Wu Jian Council.
  2617 | D:3      | Found a glowing golden altar of the Shining One.
  2745 | D:3      | Reached XP level 6. HP: 38/59 MP: 2/6
  2970 | D:4      | Noticed Edmund
  3063 | D:4      | Found a bloodstained altar of Trog.
  3389 | D:4      | Reached skill level 5 in Maces & Flails
  3391 | D:4      | Found a staircase to the Ecumenical Temple.
  3426 | Temple   | Entered the Ecumenical Temple
  3828 | D:4      | Killed Edmund
  3829 | D:4      | Reached XP level 7. HP: 26/67 MP: 2/7
  4043 | D:2      | Found Dearr's Antique Armour Shoppe.
  4072 | D:2      | Bought an embroidered robe for 111 gold pieces
  4230 | D:2      | Killed Sigmund
  4231 | D:2      | Reached skill level 6 in Maces & Flails
  4738 | D:5      | Entered Level 5 of the Dungeon
  4904 | D:5      | Reached XP level 8. HP: 35/78 MP: 2/8
  5043 | D:5      | Reached skill level 7 in Maces & Flails
  5421 | D:6      | Reached skill level 8 in Maces & Flails
  5431 | D:6      | Reached skill level 5 in Fighting
  5436 | D:6      | Found a burning altar of Makhleb.
  5605 | D:6      | Reached XP level 9. HP: 88/88 MP: 9/9
  5667 | D:6      | Reached skill level 9 in Maces & Flails
  6459 | D:6      | Reached skill level 10 in Maces & Flails
  6792 | D:7      | Noticed Joseph
  6872 | D:7      | Killed Joseph
  7101 | D:7      | Reached XP level 10. HP: 100/100 MP: 10/10
  7107 | D:7      | Found a broken altar of Ashenzari.
  7422 | D:8      | Reached skill level 11 in Maces & Flails
  7830 | D:9      | Found a blossoming altar of Fedhas.
  7859 | D:9      | Found a runed translucent gate.
  7860 | D:9      | Found a runed translucent gate.
  7860 | D:9      | Noticed Illumine's ghost (novice TrSu)
  7861 | D:9      | Found a runed translucent gate.
  7900 | D:9      | Found an iron altar of Okawaru.
  7908 | D:9      | Became a worshipper of Warmaster Okawaru
  8036 | D:8      | Reached skill level 1 in Invocations
  8272 | D:8      | Reached * piety under Okawaru
  8523 | D:8      | Found a white marble altar of Elyvilon.
  8524 | D:8      | Found a sparkling altar of Nemelex Xobeh.
  8737 | D:9      | Found a staircase to the Lair.
  8896 | D:9      | Found a shimmering blue altar of Sif Muna.
  8961 | D:9      | Reached skill level 12 in Maces & Flails
  9115 | D:10     | Entered Level 10 of the Dungeon
  9172 | D:10     | Noticed a sun demon
  9332 | D:10     | Identified a scroll of acquirement
  9479 | D:2      | Bought a kite shield for 135 gold pieces
  9489 | D:2      | Acquired 1055 gold pieces
  9654 | D:10     | Found a staircase to the Orcish Mines.
  9665 | D:10     | Noticed a two-headed ogre
  9675 | D:10     | Killed a two-headed ogre
  9676 | D:10     | Reached XP level 11. HP: 95/111 MP: 8/13
  9730 | D:10     | Reached skill level 1 in Shields
 10000 | D:10     | Found an ancient bone altar of Kikubaaqudgha.
 10520 | D:9      | Reached ** piety under Okawaru
 10545 | D:11     | Noticed a six-headed hydra
 10559 | D:11     | Noticed a two-headed ogre
 10575 | D:11     | Killed a six-headed hydra
 10576 | D:11     | Reached skill level 5 in Invocations
 10840 | D:11     | Noticed Nergalle
 10848 | D:11     | Killed Nergalle
 10922 | D:11     | Killed a two-headed ogre
 10922 | D:11     | Reached *** piety under Okawaru
 11221 | D:11     | Reached skill level 13 in Maces & Flails
 11332 | Lair:1   | Entered Level 1 of the Lair of Beasts
 11629 | Lair:1   | Reached **** piety under Okawaru
 12409 | Lair:3   | HP: 3/111 [blink frog (15)]
 12412 | Lair:3   | Reached XP level 12. HP: 25/119 MP: 16/16
 12417 | Lair:3   | HP: 4/119 [blink frog (16)]
 12636 | Lair:3   | Found a staircase to the Shoals.
 12674 | Lair:3   | Identified the +6 longbow "Zeyn" {freeze, rF+ Will+ Str-3
                  | Dex+3}
 12786 | Lair:3   | Noticed a four-headed hydra
 12807 | Lair:3   | Killed a four-headed hydra
 12807 | Lair:3   | Reached ***** piety under Okawaru
 12826 | Lair:3   | Reached skill level 14 in Maces & Flails
 13503 | Lair:2   | Reached skill level 5 in Shields
 13546 | Lair:2   | Noticed Erica
 13649 | Lair:2   | Identified the +4 great mace "Roneribama" {drain, Dex+6}
                  | (Okawaru gifted it to you on level 2 of the Lair of Beasts)
 13649 | Lair:2   | Received a gift from Okawaru
 14274 | Lair:2   | Found a staircase to the Snake Pit.
 14480 | Lair:4   | Noticed a boulder beetle
 14802 | Lair:4   | Noticed a death yak
 14804 | Lair:4   | Noticed a death yak
 14886 | Lair:4   | Noticed a death yak
 14886 | Lair:4   | Noticed a death yak
 14887 | Lair:4   | Noticed a death yak
 14887 | Lair:4   | Noticed a death yak
 14889 | Lair:4   | Noticed a death yak
 14996 | Lair:4   | Reached XP level 13. HP: 108/130 MP: 15/18
 15004 | Lair:4   | Reached ****** piety under Okawaru
 15010 | Lair:4   | Reached skill level 15 in Maces & Flails
 15259 | Lair:4   | Received a gift from Okawaru
 15865 | Lair:4   | Found a runed translucent gate.
 15866 | Lair:4   | Found a runed translucent gate.
 15874 | Lair:4   | Found a runed translucent gate.
 15877 | Lair:4   | Noticed GeorgeSoros's ghost (journeyman NaGl)
 16010 | Lair:5   | Entered Level 5 of the Lair of Beasts
 16355 | Lair:5   | Reached skill level 16 in Maces & Flails
 16534 | Lair:5   | Found a burning altar of Makhleb.
 16666 | Lair:5   | Reached skill level 10 in Fighting
 16778 | Lair:5   | Received a gift from Okawaru
 16821 | Lair:5   | Found a gateway to Hell.
 16966 | Lair:5   | Reached XP level 14. HP: 130/143 MP: 19/19
 16998 | Lair:5   | Found a staircase to the Slime Pits.
 17007 | Lair:5   | Found a viscous altar of Jiyva.
 17512 | Lair:5   | Reached skill level 1 in Armour
 18181 | D:12     | Reached skill level 1 in Throwing
 18353 | D:12     | Received a gift from Okawaru
 19132 | D:13     | You fall into a shaft and drop 2 floors!
 19132 | D:15     | Entered Level 15 of the Dungeon
 19245 | D:15     | Found a gate leading to a gauntlet.
 19254 | Gauntlet | Entered a Gauntlet
 19254 | Gauntlet | Found a transporter.
 19263 | Gauntlet | Found a transporter.
 19279 | Gauntlet | Found a transporter.
 19283 | Gauntlet | Found a transporter.
 19293 | Gauntlet | Found a transporter.
 19310 | Gauntlet | Found a transporter.
 19317 | Gauntlet | Found a transporter.
 19321 | Gauntlet | Found a transporter.
 19323 | Gauntlet | Noticed a quicksilver ooze
 19350 | Gauntlet | Found a transporter.
 19368 | Gauntlet | Found a transporter.
 19372 | Gauntlet | Found a transporter.
 19380 | Gauntlet | Found a transporter.
 19483 | Gauntlet | Killed a quicksilver ooze
 19483 | Gauntlet | Received a gift from Okawaru
 19593 | Gauntlet | Identified the ring "Noikluig" {Wiz rF+}
 19666 | Gauntlet | Identified the ring of Tulips {*Slow rN+ Will+ rCorr}
 19699 | Gauntlet | Found the +10 morningstar "Eos" {elec, Halo rElec}
 19702 | Gauntlet | Identified the +3 hand axe of Fimnez {antimagic, rN+ Will+
                  | rCorr Str-4}
 19751 | D:15     | Found a frozen archway.
 19758 | IceCv    | Entered an ice cave
 20045 | IceCv    | Reached skill level 5 in Throwing
 20088 | IceCv    | Identified the +0 tower shield "Wyixof" {Str+3 Dex+2}
                  | (Okawaru gifted it to you in an ice cave)
 20088 | IceCv    | Received a gift from Okawaru
 20303 | IceCv    | Reached skill level 17 in Maces & Flails
 20373 | IceCv    | Noticed a frost giant
 20398 | IceCv    | Reached XP level 15. HP: 145/153 MP: 17/20
 20410 | IceCv    | Noticed a frost giant
 20419 | IceCv    | Killed a frost giant
 20433 | IceCv    | Killed a frost giant
 20760 | D:14     | Found a gate to the Vaults.
 20973 | D:13     | Received a gift from Okawaru
 21908 | D:14     | Identified the +3 buckler of the Scribe {rC+ Int+3}
 22247 | D:15     | Received a gift from Okawaru
 22248 | D:15     | Reached skill level 10 in Invocations
 22509 | D:15     | Found a staircase to the Depths.
 22658 | D:15     | Found a large runed translucent door.
 22658 | D:15     | Found a large runed translucent door.
 22665 | D:15     | Noticed Jiecrehi's ghost (journeyman DDFi)
 22757 | D:15     | Killed Jiecrehi's ghost
 22778 | D:15     | Identified the ring "Forget-Me-Not" {Drain Str+6 Int+6 SInv
                  | Stlth+}
 22962 | Orc:1    | Entered Level 1 of the Orcish Mines
 23040 | Orc:1    | Noticed an orc warlord
 23040 | Orc:1    | Noticed Josephine
 23055 | D:10     | Killed Josephine
 23055 | D:10     | Received a gift from Okawaru
 23153 | D:10     | Killed an orc warlord
 23665 | Orc:2    | Entered Level 2 of the Orcish Mines
 24114 | Orc:2    | Found Went's Distillery.
 24114 | Orc:2    | Found Ivveky's Antique Armour Emporium.
 24224 | Orc:2    | Found a staircase to the Elven Halls.
 24422 | Orc:2    | Found Wufuw's Weapon Shop.
 24449 | Orc:2    | Reached XP level 16. HP: 125/165 MP: 22/22
 24492 | Orc:2    | Found Balo's Jewellery Emporium.
 24654 | Orc:2    | Upgraded the game from 0.29-a0-1016-g236c7fd to
                  | 0.29-a0-1019-g84f7d21
 24654 | Orc:2    | Bought the +2 hat of the Bear Spirit {Spirit, *Rage Will++}
                  | for 872 gold pieces
 24654 | Orc:2    | Found the +2 hat of the Bear Spirit {Spirit, *Rage Will++}
 24795 | Elf:1    | Entered Level 1 of the Elven Halls
 24954 | Elf:1    | Received a gift from Okawaru
 25337 | Elf:1    | Identified the +1 quarterstaff of Magnificence {venom,
                  | +Blink SInv Stlth-}
 25763 | Elf:1    | Received a gift from Okawaru
 25770 | Elf:1    | Reached skill level 10 in Throwing
 25885 | Elf:1    | Got the Octavo of the Salvo and the Throng
 25990 | Elf:2    | Paralysed by an air elemental for 1 turns
 25995 | Elf:2    | Paralysed by an air elemental for 1 turns
 26084 | Elf:2    | Identified the +1 robe of Saiqa {Str+4} (Okawaru gifted it
                  | to you on level 2 of the Elven Halls)
 26084 | Elf:2    | Received a gift from Okawaru
 26090 | Elf:2    | Reached skill level 18 in Maces & Flails
 26218 | Elf:2    | Found a runed translucent gate.
 26218 | Elf:2    | Found a runed translucent gate.
 26227 | Elf:2    | Found a runed translucent gate.
 26414 | Elf:2    | Noticed Azrael
 26424 | Elf:2    | Killed Azrael
 26508 | Elf:2    | Found Qiudivviw's Weapon Emporium.
 26724 | Elf:2    | Reached skill level 10 in Shields
 26793 | Elf:2    | Found a runed translucent gate.
 26793 | Elf:2    | Found a runed translucent gate.
 26793 | Elf:2    | Found a runed translucent gate.
 27059 | Elf:2    | Reached XP level 17. HP: 176/176 MP: 19/23
 27166 | Elf:2    | Noticed a deep elf blademaster
 27179 | Elf:2    | Killed a deep elf blademaster
 27179 | Elf:2    | Identified the +4 mace "Xoodea" {elec, rCorr Str+2 Int-2}
                  | (Okawaru gifted it to you on level 2 of the Elven Halls)
 27179 | Elf:2    | Received a gift from Okawaru
 27227 | Elf:2    | Noticed Nikola
 27246 | Elf:2    | Killed from afar by Nikola

Illustrated notes

Levels and vault maps discovered:
D:1:      saegor_arrival_simple_a, layout_basic,
          hellmonk_ecumenical_altar_heavens_door
D:2:      layout_loops_ring, serial_shops, shop, minmay_domino_4, uniq_sigmund
D:3:      layout_loops_ring, tso_altar, mainiacjoe_overflow_alcove_4,
          xom_butterflies, gup_sewer_entry_bubbles, hangedman_decor_peaks_small
D:4:      layout_basic, mainiacjoe_overflow_small_starburst,
          minmay_temple_entry_glass, hex_medium, minmay_manual_monstrance,
          uniq_edmund
D:5:      layout_rooms, minivault_26, kennysheep_big_empty_room
D:6:      layout_rooms, mainiacjoe_overflow_boulevard, chequers_arboretum,
          small_statue_intersection
D:7:      layout_gridville, mainiacjoe_overflow_surrounded_room, minmay_between,
          uniq_joseph
D:8:      layout_rooms, chequers_temple_overflow_statue_of_worship
D:9:      layout_rooms, led_sif_book, okawaru_trees_1,
          fedhas_bush_and_centaur_altar, erik_lair_island,
          gammafunk_ghost_nasty_kobolds, chequers_garden, supply_closet_lemuel
D:10:     layout_cave_pools, mainiacjoe_overflow_chevrons,
          minmay_orc_entry_temple_small
D:11:     layout_cave_pools, uniq_nergalle
D:12:     layout_irregular_city, serial_column_ruins, column_ruins_hut_ruined,
          column_ruins_open_medium, column_ruins_open_small,
          column_ruins_open_small, column_ruins_open_tiny, column_ruins_grid_1
D:13:     layout_long_grid
D:14:     layout_loops_ring, erik_vaults_2, small_chamber_with_monster
D:15:     grunt_enter_depths_magical_seal, layout_loops_cross,
          portal_ice_cave_entry_pillars_four, ebering_ghost_disaster_area,
          gauntlet_entry_generic
Temple:   hellmonk_temple_micro_hex
Lair:1:   layout_gridlike, serial_bayou_shore_a, infiniplex_staircase_pool
Lair:2:   layout_chaotic_city, minmay_snake_entry_six_corridors,
          nicolae_quartered_pool_medium, uniq_erica
Lair:3:   layout_gridlike, shoals_dummy_entry, grunt_megastairs_4
Lair:4:   slaughterhouse, layout_cave_pods, ebering_ghost_rock_garden,
          grunt_megastairs_3
Lair:5:   evil_forest, layout_big_grid, minmay_slime_entry_eyes, minivault_19,
          eino_house_with_fridge
Orc:1:    layout_caves, basic_altar, uniq_josephine
Orc:2:    st_orc_town, layout_diamond_mine, nicolae_orc_bridge_out
Elf:1:    layout_loops_cross, minmay_elf_sorcery
Elf:2:    elven_hall_of_blades_hangedman_original
          [nicolae_blade_entry_diamond_columns], layout_geoelf_diagonals,
          serial_shops, nicolae_shop_bloodbath_and_beyond,
          nicolae_gammafunk_elf_defective_weapons_storage, uniq_nikola,
          uniq_azrael

Skill      XL: |  1  2  3  4  5  6  7  8  9 10 11 12 13 14 15 16 |
---------------+-------------------------------------------------+-----
Maces & Flails | 1 2 3 4 5 6 8 10 12 13 14 16 17 18 | 18.5
Fighting       | 1 2 3 4 5 6 7 8 10 11 13 | 13.0
Invocations    | 4 7 8 9 10 | 10.0
Shields        | 4 5 7 8 10 | 10.3
Armour         | 1 2 |  2.9
Throwing       | 5 9 10 | 10.0
Dodging        | |  1.5
Stealth        | |  1.0
Spellcasting   | |  1.2
Summonings     | |  2.9

Action                   |  1- 3 |  4- 6 |  7- 9 | 10-12 | 13-15 | 16-18 || total
-------------------------+-------+-------+-------+-------+-------+-------++-------
Melee: Unarmed           |   152 |   234 |       |       |       |       ||   386
       Punch             |       |     4 |       |       |       |       ||     4
       Flail             |       |   106 |       |       |       |       ||   106
       Whip              |       |    17 |       |       |       |       ||    17
       Dire flail        |       |       |   312 |   685 |       |       ||   997
       Morningstar       |       |       |       |    77 |   687 |   355 ||  1119
       Great mace        |       |       |       |    92 |   545 |       ||   637
Throw: Dart              |       |     4 |     3 |     3 |     9 |     1 ||    20
       Large rock        |       |       |       |       |    14 |    54 ||    68
       Javelin           |       |       |       |       |     3 |     1 ||     4
 Cast: Call Canine Famil |       |     4 |     3 |     4 |       |       ||    11
       Call Imp          |       |     1 |     2 |     2 |       |       ||     5
       Summon Small Mamm |       |     1 |     1 |     1 |       |       ||     3
Invok: Heroism           |       |       |       |     9 |    18 |     1 ||    28
Evoke: Wand              |       |     6 |       |    12 |     5 |       ||    23
       Piece from Xom's  |       |     1 |       |     1 |       |       ||     2
  Use: Scroll            |     1 |     7 |     8 |     9 |     4 |     3 ||    32
       Potion            |       |     5 |     5 |     7 |       |     1 ||    18
 Stab: Sleeping          |     3 |     1 |     2 |     2 |     3 |       ||    11
       Paralysed         |       |     7 |       |     5 |       |       ||    12
       Invisible         |       |       |       |     3 |       |       ||     3
Armor: Robe              |    39 |   151 |   150 |   210 |   275 |    50 ||   875
Dodge: Dodged            |    85 |   244 |   170 |   298 |   372 |    85 ||  1254
Block: Kite shield       |       |       |       |    30 |    66 |       ||    96
       Tower shield      |       |       |       |       |   419 |   157 ||   576

Table legend: (Time is in decaauts)
 A = Elapsed time spent in this place.
 B = Non-inter-level travel time spent in this place.
 C = Inter-level travel time spent in this place.
 D = Time resting spent in this place.
 E = Time spent auto-exploring this place.
 F = Levels seen in this place.
 G = Mean time per level.
                   A        B        C        D        E       F      G
               +--------+--------+--------+--------+--------+-----+--------+
         Total |  27240 |  25462 |   1778 |   1845 |  12240 |  28 |  972.9 |
       Dungeon |  14411 |  13180 |   1231 |    896 |   6870 |  15 |  960.7 |
        Temple |     13 |     13 |      0 |     12 |      0 |   1 |   13.0 |
          Lair |   6399 |   6033 |    366 |    347 |   3326 |   5 | 1279.8 |
  Orcish Mines |   1573 |   1416 |    157 |     22 |    791 |   2 |  786.5 |
   Elven Halls |   2592 |   2570 |     22 |    318 |    758 |   2 | 1296.0 |
         Sewer |    969 |    969 |      0 |     34 |    268 |   1 |  969.0 |
      Ice Cave |    832 |    832 |      0 |     89 |    196 |   1 |  832.0 |
      Gauntlet |    447 |    447 |      0 |    126 |     29 |   1 |  447.0 |
               +--------+--------+--------+--------+--------+-----+--------+

Top non-repeatable levels by time:
  Lair:5: 1727 daAuts
  Lair:4: 1511 daAuts
     D:3: 1406 daAuts
     D:9: 1321 daAuts
   Elf:1: 1319 daAuts
   Elf:2: 1273 daAuts
    D:10: 1173 daAuts
  Lair:2: 1169 daAuts
     D:7: 1123 daAuts
     D:4: 1119 daAuts
   Orc:2: 1119 daAuts
    D:12: 1102 daAuts
  Lair:3: 1073 daAuts
   Sewer: 969 daAuts
  Lair:1: 917 daAuts
